 Dungeon Crawl Stone Soup version 0.27-a0-96-gb51a1d6fd6 (webtiles) character file.

Game seed: 16815814718290391474

783 knot the Chopper (level 7, -1/78 HPs)
             Began as a Demonspawn Berserker on Jan 19, 2021.
             Was a Priest of Trog.
             Slain by an orc warrior
             ... wielding a cursed -1 flail
              (21 damage)
             ... on level 6 of the Dungeon.
             The game lasted 00:03:55 (5439 turns).

knot the Chopper (Demonspawn Berserker)             Turns: 5439, Time: 00:03:56

Health: -1/78      AC:  3    Str: 17    XL:     7   Next: 55%
Magic:  7/7        EV: 12    Int: 10    God:    Trog [***...]
Gold:   184        SH:  0    Dex:  9    Spells: 6/6 levels left

rFire    . . .     SeeInvis .   s - +0 war axe
rCold    . . .     Faith    .   (no shield)
rNeg     . . .     Spirit   .   b - +0 animal skin
rPois    .         Reflect  .   (no helmet)
rElec    .         Harm     .   k - +0 cloak
rCorr    .         Rampage  .   (no gloves)
Will     .....                  (no boots)
Stlth    ..........             q - amulet of regeneration
HPRegen  0.63/turn              e - -4 ring of dexterity (curse)
MPRegen  0.10/turn              (no ring)

@: berserking, very quick
A: claws 1, powered by death 1
a: Renounce Religion, Berserk, Trog's Hand


You were on level 6 of the Dungeon.
You worshipped Trog.
Trog was most pleased with you.
You visited 2 branches of the dungeon, and saw 7 of its levels.

You collected 184 gold pieces.

Inventory:

Hand Weapons
 s - a +0 war axe (weapon)
Missiles
 g - 107 stones
 r - 15 sling bullets
 t - 52 poisoned darts (quivered)
Armour
 b - a +0 animal skin (worn)
 i - a +0 pair of gloves
 k - a +0 cloak (worn)
Jewellery
 e - a cursed -4 ring of dexterity (left claw)
 q - an amulet of regeneration (around neck)
Wands
 v - a wand of iceblast (5)
Scrolls
 a - a scroll of noise {unknown}
 c - 9 scrolls of identify {unknown}
 d - 2 scrolls of blinking {unknown}
 f - 2 scrolls of remove curse {unknown}
 j - a scroll of random uselessness {unknown}
 p - 3 scrolls of teleportation {unknown}
 u - a scroll of fear {unknown}
Potions
 h - a potion of mutation {unknown}
 l - 2 potions of flight {unknown}
 m - a potion of attraction {unknown}
 n - 3 potions of curing {unknown}
 o - 2 potions of might {unknown}
 w - a potion of berserk rage
 x - a potion of heal wounds {unknown}


   Skills:
 - Level 3.0 Fighting
 * Level 7.7 Axes
 * Level 2.5 Throwing
 - Level 1.7 Armour
 - Level 1.7 Dodging


You had 6 spell levels left.
You didn't know any spells.
Your spell library was empty.

Dungeon Overview and Level Annotations

Branches:
Dungeon (6/15)             Temple (1/1) D:5

Altars:
Ashenzari
Cheibriados
Elyvilon
Fedhas
Gozag
Hepliaklqana
Kikubaaqudgha
Makhleb
Nemelex Xobeh
Okawaru
Qazlal
Ru
Trog
Uskayaw
Vehumet
Wu Jian
Xom
Yredelemnul
Zin
The Shining One


Innate Abilities, Weirdness & Mutations

You have sharp fingernails.
You regenerate a little health from kills.


Message History

You slash the orc priest!
You kill the orc priest!
Trog accepts your kill.
You barely miss the orc warrior.
The orc warrior hits you with a cursed -1 flail.
You hit the orc warrior.
The orc warrior is heavily wounded.
The orc warrior hits you with a cursed -1 flail!
* * * LOW HITPOINT WARNING * * *
You barely miss the orc warrior.
The orc warrior is heavily wounded.
You slash the orc warrior!
The orc warrior is almost dead.
The orc warrior misses you.
You closely miss the orc warrior.
The orc warrior is almost dead.
You hit the orc warrior but do no damage.
The orc warrior is almost dead.
The orc warrior hits you with a cursed -1 flail!!
You die...

. #####.
..... ##
...# #.
...#
#.#...#
#)@†..#
#..o)..#
#..#...#
#.. $..#
#$. ...#
#.. ...#
##. ...#
#. ...#


You could see an orc warrior.

Vanquished Creatures
  Grinder (D:3)
  A water moccasin (D:5)
  A centaur (D:5)
  A scorpion (D:5)
  An orc priest (D:6)
  An orc wizard (D:4)
  A centaur skeleton (D:5)
  A bullfrog skeleton (D:4)
  2 worker ants (D:5)
  10 adders
  5 worms
  2 dart slugs
  4 leopard geckos
  6 orcs
  12 bats
  4 giant cockroaches
  5 goblins
  6 hobgoblins
  6 jackals
  A quokka (D:5)
  A ball python (D:4)
  9 frilled lizards
  7 kobolds
  A quokka skeleton (D:5)
  11 rats
100 creatures vanquished.

Vanquished Creatures (others)
  2 plants (D:5)
2 creatures vanquished.

Grand Total: 102 creatures vanquished

Notes
Turn   | Place    | Note
-------+----------+-------------------------------------------
     0 | D:1      | knot the Demonspawn Berserker began the quest for the Orb.
     0 | D:1      | Reached XP level 1. HP: 18/18 MP: 1/1
   176 | D:1      | Reached skill level 3 in Axes
   265 | D:1      | Gained mutation: You regenerate a little health from kills.
                  | [demonic ancestry]
   265 | D:1      | Reached XP level 2. HP: 22/24 MP: 2/2
   781 | D:1      | Gained mutation: You have sharp fingernails. [demonic
                  | ancestry]
   781 | D:1      | Reached XP level 3. HP: 29/29 MP: 3/3
  1215 | D:2      | Reached ** piety under Trog
  1232 | D:2      | Reached skill level 4 in Axes
  1515 | D:2      | Reached XP level 4. HP: 13/35 MP: 4/4
  2210 | D:2      | Found a stormy altar of Qazlal.
  3057 | D:3      | Reached skill level 5 in Axes
  3309 | D:3      | Noticed Grinder
  3312 | D:3      | Paralysed by Grinder for 3 turns
  3325 | D:3      | Killed Grinder
  3326 | D:3      | Reached skill level 6 in Axes
  3326 | D:3      | Reached XP level 5. HP: 30/41 MP: 5/5
  3326 | D:3      | Reached XP level 6. HP: 34/47 MP: 6/6
  3630 | D:3      | Found a faded altar of an unknown god.
  3630 | D:3      | Found an opulent altar of Gozag.
  3635 | D:3      | Found a basalt altar of Yredelemnul.
  3637 | D:3      | Found a bloodstained altar of Trog.
  3639 | D:3      | Found a faded altar of an unknown god.
  3949 | D:4      | Reached *** piety under Trog
  4401 | D:5      | Entered Level 5 of the Dungeon
  4407 | D:5      | Reached skill level 7 in Axes
  4458 | D:5      | Found a broken altar of Ashenzari.
  4538 | D:5      | Reached XP level 7. HP: 52/52 MP: 7/7
  4574 | D:5      | Reached skill level 1 in Throwing
  5130 | D:5      | Found a staircase to the Ecumenical Temple.
  5245 | Temple   | Entered the Ecumenical Temple
  5439 | D:6      | Slain by an orc warrior

Illustrated notes

Levels and vault maps discovered:
D:1:      evilmike_arrival_hilbert_curve, layout_rooms, minmay_split_cup_large
D:2:      minmay_inner_zag, layout_basic, grunt_qazlal_sundering
D:3:      layout_rooms, chequers_temple_overflow_minitemple, uniq_grinder
D:4:      layout_basic
D:5:      layout_basic, ashenzari_altar_1, minmay_temple_entry_gardened_gates,
          minivault_23, amcnicky_mini_rare_corridor_liquid
D:6:      layout_basic, kennysheep_little_box, serial_shops, shop
Temple:   nicolae_temple_elliptical

Skill      XL: |  1  2  3  4  5  6  7 |
---------------+----------------------+-----
Axes           | 3 4 6 7 |  7.7
Throwing       | 2 |  2.5
Fighting       | |  3.0
Armour         | |  1.7
Dodging        | |  1.7

Action                   |  1- 3 |  4- 6 |  7- 9 || total
-------------------------+-------+-------+-------++-------
Melee: Hand axe          |   135 |    65 |       ||   200
       War axe           |       |   136 |    45 ||   181
Throw: Dart              |       |     4 |       ||     4
Invok: Berserk           |     4 |     3 |     2 ||     9
       Trog's Hand       |       |     1 |       ||     1
  Use: Potion            |       |     1 |       ||     1
Armor: Animal skin       |    28 |    75 |     7 ||   110
Dodge: Dodged            |    91 |   156 |    33 ||   280

Table legend: (Time is in decaauts)
 A = Elapsed time spent in this place.
 B = Non-inter-level travel time spent in this place.
 C = Inter-level travel time spent in this place.
 D = Time resting spent in this place.
 E = Time spent auto-exploring this place.
 F = Levels seen in this place.
 G = Mean time per level.
                   A        B        C        D        E       F      G
               +--------+--------+--------+--------+--------+-----+--------+
         Total |   5559 |   5346 |    213 |   1757 |   2871 |   7 |  794.1 |
       Dungeon |   5394 |   5206 |    188 |   1757 |   2731 |   6 |  899.0 |
        Temple |    164 |    140 |     24 |      0 |    140 |   1 |  164.0 |
               +--------+--------+--------+--------+--------+-----+--------+

Top non-repeatable levels by time:
     D:2: 2013 daAuts
     D:1: 1245 daAuts
     D:5: 824 daAuts
     D:4: 716 daAuts
     D:3: 585 daAuts
  Temple: 164 daAuts
     D:6: 8 daAuts
